 Dungeon Crawl Stone Soup version 0.31-a0-1001-g770356a28f (webtiles) character file.

Game seed: 4504739047952522675

241 Colgate the Ruffian (level 5, 0/48 HPs)
             Began as a Troll Shapeshifter on Nov 8, 2023.
             Was a Believer of Ru.
             Splashed by a jelly's acid (9 damage)
             ... on level 3 of the Dungeon.
             The game lasted 00:08:17 (2433 turns).

Colgate the Ruffian (Troll Shapeshifter)            Turns: 2433, Time: 00:08:17

Health: 0/48       AC: -28   Str: 24    XL:     5   Next: 80%
Magic:  4/4        EV:  9    Int:  6    God:    Ru [**....]
Gold:   170        SH:  0    Dex:  9    Spells: 4/4 levels left

rFire   . .          .
                       - Unarmed
rCold   + . .        (no shield)
rNeg    . . .        a - +0 animal skin
rPois   .            (helmet currently unavailable)
rElec   .            (cloak currently unavailable)
rCorr   .            (gloves unavailable)
SInv    .            (boots unavailable)
Will    .....        (no amulet)
Stlth   +            h - ring of protection from cold
HPRegen 1.08/turn    (no ring)
MPRegen 0.09/turn

%: no passive effects
@: beast-form, corroded
A: beast (slay +1), large, unfitting armour, claws 3, regeneration 1, shaggy fur
1, tough skin 1, inability to use devices
a: Begin Untransformation, Renounce Religion


You were on level 3 of the Dungeon.
You worshipped Ru.
Ru was pleased with you.
You were a hulking beast.
You visited 1 branch of the dungeon, and saw 4 of its levels.

You collected 170 gold pieces.

Inventory:

Armour
 a - a +0 animal skin (worn)
Jewellery
 h - a ring of protection from cold (left claw)
Talismans
 c - a beast talisman
 d - a flux talisman
Scrolls
 i - a scroll of teleportation {unknown}
 j - a scroll of enchant armour {unknown}
 k - a scroll of fear
 m - a scroll of butterflies {unknown}
Potions
 b - 2 potions of lignification
 e - a potion of heal wounds {@q2}
 f - 3 potions of ambrosia
 g - 2 potions of invisibility
 l - a potion of resistance {@q5}


   Skills:
 + Level 1.5 Fighting
 - Level 1.5 Dodging
 - Level 6.3 Unarmed Combat
 - Level 3.0 Shapeshifting


You had 4 spell levels left.
You didn't know any spells.
Your spell library contained the following spells:

 Spells                   Type           Power      Damage    Failure   Level
 Necrotise                Necr           0%         1d4       45%         1
 Inner Flame              Hex/Fire       0%         N/A       83%         3
 Vampiric Draining        Necr           0%         2d6       83%         3
 Flame Wave               Conj/Fire      0%         2d4       99%         4
 Sticky Flame             Conj/Fire      0%         2d3       99%         4
 Agony                    Necr           0%         N/A       100%        5


Dungeon Overview and Level Annotations

Branches:
Dungeon (4/15)
 Temple: D:4-7

Altars:
Ru


Innate Abilities, Weirdness & Mutations

You are a hulking beast.
Your limbs bulge with bestial killing power. (Slay +1)
You are too large for most types of armour.
You have claws for hands.
Your natural rate of healing is unusually fast.
You are covered in fur. (AC +1)
You have tough skin. (AC +1)
You cannot study or use magical devices.


Message History

You are splashed with acid!
The jelly attacks as it pursues you! The jelly closely misses you.
The jelly attacks as it pursues you! The jelly closely misses you.
The jelly attacks as it pursues you! The jelly closely misses you.
The jelly attacks as it pursues you! The jelly hits you.
You are splashed with acid.
The jelly attacks as it pursues you! The jelly hits you. The acid corrodes you!
You are splashed with acid!
The jelly attacks as it pursues you! The jelly barely misses you.
The jelly attacks as it pursues you! The jelly hits you.
You are splashed with acid!
The jelly attacks as it pursues you! The jelly hits you. The acid corrodes you!
You are splashed with acid.
You focus your inner power and illuminate the jelly in retribution!
The jelly stops glowing.
The jelly attacks as it pursues you! The jelly hits you. The acid corrodes you!
You are splashed with acid!
* * * LOW HITPOINT WARNING * * *
The jelly attacks as it pursues you! The jelly closely misses you.
The jelly attacks as it pursues you! The jelly hits you. The acid corrodes you!
You are splashed with acid!
* * * LOW HITPOINT WARNING * * *
The jelly attacks as it pursues you! The jelly barely misses you.
The jelly attacks as it pursues you! The jelly hits you.
* * * LOW HITPOINT WARNING * * *
The acid corrodes you!
You are splashed with acid!
* * * LOW HITPOINT WARNING * * *
The jelly attacks as it pursues you! The jelly barely misses you.
The jelly attacks as it pursues you! The jelly closely misses you.
The jelly attacks as it pursues you! The jelly barely misses you.
The jelly jiggles.
The jelly attacks as it pursues you! The jelly hits you.
* * * LOW HITPOINT WARNING * * *
You are splashed with acid!
You die...

#.#...###########...#...#..#(.#..
....................#......(.....
...##..############.#............
...##..##### #...#.#.....)#.....
#####......# #.#.#.#.....†......
#.####.####.#...#............
#.####......#...#..........).
#.#....####J#...#######'#####
#.#.##.#....h......# #..#.(.#
#.#.##.#.##.#.#.######.....##
#.#.##.#<[#.#...# #...####
#.#.##.#..#.#...# #.### ###
#####.#......)#.#.#.# #.# #..
...........##.#.#+#.#####.# #..
...........#........##....# #..
...........#..##....>..#### #..
#####'###.....##...#.######## #..


You could see a jelly.

Vanquished Creatures
  2 scorpions
  An iguana (D:3)
  A gnoll (D:1)
  2 adders (D:3)
  A worm (D:3)
  2 dart slugs
  2 orcs
  6 bats
  8 endoplasms
  2 giant cockroaches
  6 goblins
  8 hobgoblins
  A quokka (D:2)
  5 ball pythons
  6 frilled lizards (D:1)
  8 kobolds
  5 rats
66 creatures vanquished.

Notes
Turn   | Place    | Note
-------+----------+-------------------------------------------
     0 | D:1      | Colgate the Troll Shapeshifter began the quest for the Orb.
     0 | D:1      | Reached XP level 1. HP: 18/18 MP: 0/0
   185 | D:1      | Reached XP level 2. HP: 26/26 MP: 1/1
   194 | D:1      | Reached skill level 4 in Unarmed Combat
   502 | D:1      | Reached XP level 3. HP: 32/32 MP: 2/2
   681 | D:1      | Found a faded altar of an unknown god.
   686 | D:1      | Prayed at the altar of an unknown god.
   686 | D:1      | Became a worshipper of Ru the Awakened
   699 | D:1      | Gained mutation: You cannot study or use magical devices.
                  | [Ru sacrifice]
   699 | D:1      | Reached * piety under Ru
   699 | D:1      | Reached ** piety under Ru
  1829 | D:3      | Reached skill level 5 in Unarmed Combat
  1829 | D:3      | Reached XP level 4. HP: 40/40 MP: 3/3
  2115 | D:4      | Noticed a scorpion
  2118 | D:3      | Killed a scorpion
  2119 | D:3      | Reached XP level 5. HP: 46/46 MP: 4/4
  2150 | D:4      | Reached skill level 6 in Unarmed Combat
  2197 | D:3      | Reached skill level 1 in Fighting
  2424 | D:3      | HP: 1/48 [acid (8)]
  2433 | D:3      | Splashed by a jelly's acid

Illustrated notes

Levels and vault maps discovered:
D:1:      amcnicky_arrival_gap_in_the_tavern_cellar, layout_loops_cross,
          shapermc_ecumenical_altar_notcrosses, serial_bayou_pond_e,
          minmay_fountain_box, serial_bayou_pond_d
D:2:      layout_basic
D:3:      layout_basic, kennysheep_generic_room_2
D:4:      layout_rooms, nicolae_dithmenos_through_a_glass_darkly,
          uniq_blork_the_orc, uniq_crazy_yiuf_cottage

Skill      XL: |  1  2  3  4  5 |
---------------+----------------+-----
Unarmed Combat | 4 5 6 |  6.3
Fighting       | 1 |  1.5
Dodging        | |  1.5
Shapeshifting  | |  3.0

Action                     |  1- 3 |  4- 6 || total
---------------------------+-------+-------++-------
  Melee: Unarmed           |   102 |    30 ||   132
         Punch             |     2 |     2 ||     4
 Invoke: Sacrifice Artific |     1 |       ||     1
    Use: Scroll            |       |     5 ||     5
   Stab: Sleeping          |     1 |       ||     1
 Armour: Animal skin       |    52 |    25 ||    77
  Dodge: Dodged            |    33 |    20 ||    53

Table legend: (Time is in decaauts)
 A = Elapsed time spent in this place.
 B = Non-inter-level travel time spent in this place.
 C = Inter-level travel time spent in this place.
 D = Time resting spent in this place.
 E = Time spent auto-exploring this place.
 F = Levels seen in this place.
 G = Mean time per level.
                   A        B        C        D        E       F      G
               +--------+--------+--------+--------+--------+-----+--------+
         Total |   2423 |   2254 |    169 |      0 |   1797 |   4 |  605.8 |
       Dungeon |   2423 |   2254 |    169 |      0 |   1797 |   4 |  605.8 |
               +--------+--------+--------+--------+--------+-----+--------+

Top non-repeatable levels by time:
     D:1: 932 daAuts
     D:3: 722 daAuts
     D:2: 576 daAuts
     D:4: 192 daAuts
